 Dungeon Crawl Stone Soup version 0.29-a0-303-ge4682ce883 (webtiles) character file.

Game seed: 5271387588888340803

8237 jmlagarto the Fighter (level 11, -30/104 HPs)
             Began as a Minotaur Berserker on Mar 25, 2022.
             Was a High Priest of Trog.
             Killed from afar by an ice dragon (33 damage)
             ... with a blast of cold
             ... on level 9 of the Dungeon.
             The game lasted 00:17:59 (11780 turns).

jmlagarto the Fighter (Minotaur Berserker)         Turns: 11780, Time: 00:17:59

Health: -30/104    AC:  9    Str: 27    XL:     11   Next: 7%
Magic:  10/10      EV: 11    Int:  4    God:    Trog [*****.]
Gold:   630        SH:  9    Dex:  9    Spells: 10/10 levels left

rFire   . . .      SeeInvis .   B - +2 hand axe (freeze)
rCold   . . .      Faith    .   q - +0 kite shield
rNeg    . . .      Spirit   .   y - +1 scale mail {rPois}
rPois   +          Reflect  .   (helmet restricted)
rElec   .          Harm     .   (no cloak)
rCorr   .          Rampage  .   (no gloves)
Will    +++..                   (no boots)
Stlth   ..........              (no amulet)
HPRegen 1.27/turn               t - ring of willpower
MPRegen 0.12/turn               h - +4 ring of slaying

@: strong-willed, on berserk cooldown, regenerating, slowed, studying Fighting,
very slow
A: horns 2, retaliatory headbutt
a: Renounce Religion, Berserk, Trog's Hand, Brothers in Arms


You were on level 9 of the Dungeon.
You worshipped Trog.
Trog was extremely pleased with you.
You visited 1 branch of the dungeon, and saw 9 of its levels.
You also visited: Ossuary.

You collected 630 gold pieces.

Inventory:

Hand Weapons
 B - a +2 hand axe of freezing (weapon)
 E - a +3 mace
Missiles
 e - 6 silver javelins (quivered)
 r - 8 boomerangs
 F - 38 poisoned darts
Armour
 q - a +0 kite shield (worn)
 y - a +1 scale mail of poison resistance (worn)
Jewellery
 h - a +4 ring of slaying (right hand)
 t - a ring of willpower (left hand)
Wands
 n - a wand of paralysis (3)
 o - a wand of charming (6)
 x - a wand of polymorph (3)
 G - a wand of mindburst (11)
Scrolls
 b - 3 scrolls of teleportation
 g - 2 scrolls of immolation
 i - 4 scrolls of blinking
 p - 2 scrolls of enchant armour
 s - 3 scrolls of fog
 u - a scroll of identify
 v - a scroll of noise {unknown}
 C - a scroll of brand weapon {unknown}
Potions
 a - a potion of magic {unknown}
 c - a potion of flight {unknown}
 d - 6 potions of curing {unknown}
 f - a potion of cancellation {unknown}
 j - 2 potions of haste
 k - 4 potions of heal wounds {unknown}
 l - 5 potions of degeneration {unknown}
 m - 3 potions of lignification {unknown}
 w - 2 potions of brilliance {unknown}
 z - 3 potions of mutation {unknown}
 A - a potion of invisibility {unknown}
 D - a potion of might {unknown}


   Skills:
 + Level 12.0 Fighting
 + Level 9.7 Axes
 + Level 9.3 Armour
 + Level 8.7 Dodging
 + Level 6.7 Shields
 + Level 5.0 Evocations


You had 10 spell levels left.
You didn't know any spells.
Your spell library was empty.

Dungeon Overview and Level Annotations

Branches:
Dungeon (9/15)             Temple (0/1) D:5         Ossuary (visited)
   Lair: D:8-11         Orc: D:9-12

Altars:
Elyvilon

Shops:
D:1 (   D:8 !

Annotations:
D:9 1 runed translucent door


Innate Abilities, Weirdness & Mutations

You have a pair of horns on your head.
You reflexively headbutt those who attack you in melee.


Message History

Your skin crawls.
You feel strong-willed.
A red film seems to cover your vision as you go berserk!
You feel yourself moving faster!
You feel mighty!
The door flies open with a bang!
You feel a strong urge to attack something.
You hear a shout!
The fire dragon breathes flames at you.
The blast of flame hits the fire dragon!
The fire dragon resists.
The blast of flame hits you!
The fire dragon breathes flames at your ogre.
The blast of flame hits you!!! The blast of flame hits your ogre!!
The ice dragon bites you!
The ice dragon claws you but does no damage.
The ice dragon tramples you but does no damage.
There is an open translucent door, spattered with blood here.
You slash the fire dragon! You freeze the fire dragon.
The fire dragon is lightly wounded.
You slash the ice dragon! You block the fire dragon's attack. x2
The fire dragon barely misses you. The ice dragon breathes frost at you.
The blast of cold hits you!!!
* * * LOW HITPOINT WARNING * * *
You feel a strong urge to attack something.
You are no longer berserk.
You are exhausted.
You feel yourself slow down. The fire dragon bites your ogre!
The fire dragon claws your ogre. The fire dragon tramples your ogre!
Your ogre stumbles backwards!
Your ogre dies!
Your ogre's corpse disappears in a puff of smoke!
The fire dragon breathes flames at you. The blast of flame hits you!!
* * * LOW HITPOINT WARNING * * *
The blast of flame hits the fire dragon!
The fire dragon resists.
The ice dragon breathes frost at you.
The blast of cold hits the ice dragon.
The ice dragon resists.
The blast of cold hits you!!
You die...

##))........#§§#....#...
###.........#≈≈#..⌠.#...
####≈≈......####....#..)
.....≈....#.#...[...#...
####≈≈...##.#....####.+#
# #......##.#.⌠.D#≈≈#..#
#......##.#...D#≈≈#..#
##....###.####'####..#
###### #....D@D....+
#######....... ..+....
### ... .. .


You could see 2 fire dragons and 2 ice dragons.

Vanquished Creatures
  The ghost of Domino the Chopper, an amateur MiBe of Trog (D:4)
  Grinder (D:3)
  A wyvern (D:9)
  4 steam dragons
  12 yaks
  2 vampire mosquitoes (D:7)
  3 water moccasins
  3 orc warriors
  2 ice beasts
  3 sky beasts
  A black bear (D:5)
  4 centaurs
  2 ogres
  A phantom (D:7)
  5 kobold brigands
  A bullfrog (D:8)
  2 gnoll sergeants
  9 scorpions
  8 wights
  12 killer bees
  2 electric eels (D:8)
  A gnoll shaman (D:8)
  3 hounds
  2 jellies (D:7)
  7 orc priests
  4 human zombies (Ossuary)
  3 iguanas
  11 orc wizards
  5 scorpion zombies (Ossuary)
  4 mummies
  20 gnolls
  An adder (D:6)
  A shadow imp (D:5)
  A white imp (D:6)
  2 worms
  4 dart slugs
  39 orcs
  8 ball pythons
  5 bats
  5 endoplasms
  3 giant cockroaches
  5 goblins
  4 hobgoblins
  5 jackals
  29 kobolds
  6 quokkas
  6 frilled lizards
  A gnoll zombie (Ossuary)
  4 goblin zombies (Ossuary)
  5 hobgoblin zombies
  3 kobold zombies
  An orc zombie (Ossuary)
  5 rats
282 creatures vanquished.

Vanquished Creatures (others)
  A bush (D:9)
  28 plants
29 creatures vanquished.

Grand Total: 311 creatures vanquished

Notes
Turn   | Place    | Note
-------+----------+-------------------------------------------
     0 | D:1      | jmlagarto the Minotaur Berserker began the quest for the
                  | Orb.
     0 | D:1      | Reached XP level 1. HP: 19/19 MP: 0/0
   239 | D:1      | Reached XP level 2. HP: 24/27 MP: 1/1
   245 | D:1      | Reached skill level 4 in Fighting
   249 | D:1      | Found Diocreib's Weapon Emporium.
   523 | D:1      | Reached XP level 3. HP: 33/33 MP: 2/2
   732 | D:1      | Reached ** piety under Trog
  1432 | D:2      | Found a faded altar of an unknown god.
  1670 | D:2      | Reached XP level 4. HP: 41/41 MP: 3/3
  2130 | D:3      | Identified the +1 robe "Eshren" {+Blink Str+4 Dex-3}
  2362 | D:3      | Noticed an orc warrior
  2372 | D:3      | Killed an orc warrior
  2373 | D:3      | Reached XP level 5. HP: 27/47 MP: 4/4
  2374 | D:3      | Reached skill level 5 in Fighting
  2660 | D:3      | Noticed Grinder
  2664 | D:3      | Killed Grinder
  2665 | D:3      | Reached skill level 5 in Axes
  2665 | D:3      | Reached XP level 6. HP: 56/56 MP: 5/5
  3218 | D:4      | Found a transporter.
  3219 | D:4      | Found a transporter.
  3250 | D:4      | Found a sand-covered staircase.
  3256 | Ossuary  | Entered an ossuary
  3364 | Ossuary  | Reached XP level 7. HP: 61/62 MP: 6/6
  3387 | Ossuary  | Reached skill level 5 in Armour
  3391 | Ossuary  | Reached skill level 6 in Fighting
  3395 | Ossuary  | Reached *** piety under Trog
  3553 | Ossuary  | Reached skill level 5 in Dodging
  3868 | Ossuary  | Reached XP level 8. HP: 71/71 MP: 7/7
  3956 | D:4      | Identified the +1 spear of Xiemoug {venom, MP-9 Int+4}
  4387 | D:4      | Noticed Domino's ghost (amateur MiBe)
  4454 | D:4      | Killed Domino's ghost
  4455 | D:4      | Reached skill level 7 in Fighting
  4857 | D:5      | Entered Level 5 of the Dungeon
  4906 | D:5      | Reached skill level 1 in Shields
  4994 | D:5      | Reached skill level 1 in Evocations
  5001 | D:5      | Reached **** piety under Trog
  5347 | D:5      | Reached skill level 8 in Fighting
  5585 | D:5      | Found a staircase to the Ecumenical Temple.
  5598 | D:5      | Reached XP level 9. HP: 47/82 MP: 8/8
  5901 | D:5      | Reached skill level 9 in Fighting
  7471 | D:6      | Reached skill level 10 in Fighting
  7879 | D:7      | Reached XP level 10. HP: 72/93 MP: 9/9
  7900 | D:7      | Reached skill level 5 in Shields
  8942 | D:8      | Found Ecselo's Distillery.
  9335 | D:8      | Found a white marble altar of Elyvilon.
  9592 | D:8      | Reached skill level 11 in Fighting
  9896 | D:8      | Reached ***** piety under Trog
 10574 | D:8      | Identified the +1 robe of Jeoqayt {Stlth+}
 10962 | D:9      | Reached XP level 11. HP: 56/103 MP: 10/10
 11356 | D:9      | Noticed a fire dragon
 11359 | D:9      | Reached skill level 5 in Evocations
 11455 | D:9      | Noticed an ice dragon
 11499 | D:9      | Reached skill level 12 in Fighting
 11757 | D:9      | Noticed an ice dragon
 11758 | D:9      | Found a runed translucent door.
 11758 | D:9      | Noticed a fire dragon
 11758 | D:9      | Found the +2 shield of Resistance {rF++ rC++ Will++}
 11759 | D:9      | Found a runed translucent door.
 11780 | D:9      | HP: 3/104 [fire dragon/blast of flame (29)]
 11780 | D:9      | Killed from afar by an ice dragon

Illustrated notes

Levels and vault maps discovered:
D:1:      amcnicky_arrival_flooded_fountain, layout_basic, serial_shops,
          nicolae_shop_bloodbath_and_beyond, minmay_crystal_water,
          chequers_serial_rivers_micro_b, st_stairs_14
D:2:      layout_basic, chequers_ecumenical_altar_simple
D:3:      layout_loops_ring, minmay_parallelograms, minmay_strange_pillars,
          nrook_mini_vaults, serial_bayou_lake_a, uniq_grinder
D:4:      layout_loops_ring, gammafunk_ghost_gnarly_gnolls,
          nicolae_ossuary_entry_giza
D:5:      layout_rooms, minmay_temple_entry_gardened_gates,
          guppyfry_early_lair_pool
D:6:      cheibrodos_steamvent, layout_basic, grunt_decor_arrowhead
D:7:      layout_basic, corexii_item_surrounded_by_moat, st_stairs_1
D:8:      nicolae_BIG_FREAKIN_CUBE, layout_basic, elyvilon_altar_1,
          serial_shops, nicolae_shop_advertising_works
          [nicolae_subvault_shop_adworks]
D:9:      layout_roguey, kb_lookout_dungeons_type, minivault_14,
          minmay_guarded_unrand_resistance

Skill      XL: |  1  2  3  4  5  6  7  8  9 10 11 |
---------------+----------------------------------+-----
Fighting       | 4 5 6 8 10 11 12 | 12.0
Axes           | 4 5 6 7 8 9 |  9.7
Armour         | 3 4 5 7 8 9 |  9.3
Dodging        | 3 4 5 6 7 8 |  8.7
Shields        | 2 4 6 |  6.7
Evocations     | 1 3 4 5 |  5.0

Action                   |  1- 3 |  4- 6 |  7- 9 | 10-12 || total
-------------------------+-------+-------+-------+-------++-------
Melee: Hand axe          |    94 |       |    24 |   264 ||   382
       Headbutt          |    14 |    12 |    46 |    48 ||   120
       War axe           |       |    40 |   211 |       ||   251
       Punch             |       |       |     1 |       ||     1
Throw: Javelin           |       |     3 |     1 |       ||     4
Invok: Berserk           |       |     1 |     4 |     3 ||     8
       Trog's Hand       |       |       |       |     1 ||     1
       Brothers in Arms  |       |       |       |     1 ||     1
  Use: Scroll            |       |       |     6 |     2 ||     8
Armor: Animal skin       |     8 |       |       |       ||     8
       Ring mail         |    18 |     9 |    24 |       ||    51
       Scale mail        |       |       |    67 |    72 ||   139
Dodge: Dodged            |    54 |    23 |   108 |   100 ||   285
Block: Kite shield       |       |       |    69 |   113 ||   182

Table legend: (Time is in decaauts)
 A = Elapsed time spent in this place.
 B = Non-inter-level travel time spent in this place.
 C = Inter-level travel time spent in this place.
 D = Time resting spent in this place.
 E = Time spent auto-exploring this place.
 F = Levels seen in this place.
 G = Mean time per level.
                   A        B        C        D        E       F      G
               +--------+--------+--------+--------+--------+-----+--------+
         Total |  11962 |  11448 |    514 |    537 |   9294 |  10 | 1196.2 |
       Dungeon |  11252 |  10738 |    514 |    501 |   8796 |   9 | 1250.2 |
       Ossuary |    710 |    710 |      0 |     35 |    497 |   1 |  710.0 |
               +--------+--------+--------+--------+--------+-----+--------+

Top non-repeatable levels by time:
     D:8: 1903 daAuts
     D:6: 1882 daAuts
     D:3: 1439 daAuts
     D:9: 1184 daAuts
     D:5: 1161 daAuts
     D:4: 1118 daAuts
     D:1: 933 daAuts
     D:7: 840 daAuts
     D:2: 788 daAuts
 Ossuary: 710 daAuts
